 Dungeon Crawl Stone Soup version 0.21-a0-201-g8501b10 (webtiles) character file.

63213 Lavandula the Fighter (level 15, -12/118 HPs)
             Began as a Ghoul Ice Elementalist on Aug 16, 2017.
             Was an Elder of Hepliaklqana.
             Mangled by a blink frog (19 damage)
             ... on level 3 of the Swamp on Aug 18, 2017.
             The game lasted 02:21:46 (11870 turns).

Lavandula the Fighter (Ghoul Ice Elementalist)     Turns: 11870, Time: 02:21:51

Health: -12/118    AC:  9    Str: 14    XL:     15   Next: 8%
Magic:  10/26      EV: 18    Int: 13    God:    Hepliaklqana [****..]
Gold:   518        SH:  0    Dex: 13    Spells: 5/30 levels left

rFire    . . .     SeeInvis .     - Unarmed
rCold    + . .     Gourm    .   (no shield)
rNeg     + + +     Faith    .   K - +2 robe
rPois    ∞         Spirit   .   R - +0 helmet
rElec    .         Reflect  .   A - +0 cloak {+Inv}
rCorr    .         Harm     .   (no gloves)
MR       +....                  f - +2 pair of boots
Stlth    ++........             d - amulet of rage
HPRegen  0.00/turn              t - +2 ring of intelligence
MPRegen  0.20/turn              z - ring of wizardry

@: regenerating, rotting, deflect missiles
A: rotting body, reduced essence, claws 1, carnivore 3, cold resistance 1,
negative energy resistance 3, inhibited regeneration, torment resistance,
unbreathing
a: Recall Ancestor, Ancestor Identity, Transference, Idealise, Renounce
Religion, Evoke Invisibility


You were on level 3 of the Swamp.
You worshipped Hepliaklqana.
Hepliaklqana was greatly pleased with you.
You were not hungry.

You visited 5 branches of the dungeon, and saw 23 of its levels.
You visited 1 bazaar.

You collected 2115 gold pieces.
You spent 1597 gold pieces at shops.

Inventory:

Hand Weapons
 y - the +6 mace "Ocryoz" {drain, rC+}
   (You found it on level 7 of the Dungeon)

   A truly terrible weapon, it drains the life of those it strikes.
   It protects you from cold.
 Z - the +1 bardiche "Zubeopn" {vamp, rF+ MR+ Dex-4}
   (You found it on level 1 of the Swamp)

   It inflicts no extra harm, but heals its wielder when it wounds a living foe.
   It affects your dexterity (-4).
   It protects you from fire.
   It affects your resistance to hostile enchantments.
Missiles
 S - 3 throwing nets (quivered)
Armour
 a - a +4 ring mail
 e - a +0 ring mail of magic resistance
 f - a +2 pair of boots (worn)
 n - a +2 pair of gloves
 A - a +0 cloak of invisibility (worn)
 C - a +2 scale mail of fire resistance
 K - a +2 robe (worn)
 R - a +0 helmet (worn)
Magical Staves
 G - an uncursed staff of death
Jewellery
 d - an amulet of rage (around neck)
 k - an uncursed ring of protection from cold
 t - a +2 ring of intelligence (left claw)
 w - an uncursed ring of protection from cold
 z - a ring of wizardry (right claw)
Wands
 b - a wand of paralysis (10/24)
 p - a wand of flame (18/48)
 q - a wand of polymorph (9/24)
 r - a wand of confusion (7/48)
 B - a wand of lightning (7/15)
 D - a wand of iceblast (0/15)
 F - a wand of digging (3/24)
 H - a wand of lightning (0/15)
 N - a wand of polymorph (16/24)
 T - a wand of random effects (23/48)
 X - a wand of flame (6/48)
Scrolls
 h - 3 scrolls of amnesia
 j - 3 scrolls of teleportation
 m - 2 scrolls of recharging
 u - a scroll of silence
 x - a scroll of enchant weapon
 M - a scroll of fog
 O - a scroll of immolation {unknown}
Potions
 i - 2 potions of flight
 I - a potion of brilliance
 V - a potion of cancellation
 Y - a potion of agility
Books
 g - a book of Frost

   Spells                             Type                      Level
   a - Freeze                         Ice                          1
   b - Throw Frost                    Conjuration/Ice              2
   c - Ozocubu's Armour               Charms/Ice                   3
   d - Throw Icicle                   Conjuration/Ice              4
   e - Summon Ice Beast               Ice/Summoning                4
 s - a book of Callings

   Spells                             Type                      Level
   a - Summon Small Mammal            Summoning                    1
   b - Call Imp                       Summoning                    2
   c - Call Canine Familiar           Summoning                    3
   d - Summon Guardian Golem          Hexes/Summoning              3
   e - Summon Lightning Spire         Summoning/Air                4
   f - Summon Ice Beast               Ice/Summoning                4
 J - the Tome of Good Luck
   (You bought it in a shop on level 2 of the Orcish Mines)

   Spells                             Type                      Level
   a - Song of Slaying                Charms                       2
   b - Shroud of Golubria             Charms/Translocation         2
   c - Regeneration                   Charms/Necromancy            3
   d - Deflect Missiles               Charms/Air                   6
   e - Ring of Flames                 Charms/Fire                  7
 L - a book of Cantrips

   Spells                             Type                      Level
   a - Confusing Touch                Hexes                        1
   b - Animate Skeleton               Necromancy                   1
   c - Summon Small Mammal            Summoning                    1
   d - Apportation                    Translocation                1
 Q - a book of Maledictions

   Spells                             Type                      Level
   a - Corona                         Hexes                        1
   b - Ensorcelled Hibernation        Hexes/Ice                    2
   c - Confuse                        Hexes                        3
   d - Tukima's Dance                 Hexes                        3
   e - Dazzling Spray                 Conjuration/Hexes            3
Comestibles
 c - 8 meat rations
 o - 6 royal jellies


   Skills:
 - Level 12.0 Fighting
 + Level 9.7 Dodging
 - Level 2.1 Stealth
 - Level 11.5 Unarmed Combat
 - Level 8.1 Spellcasting
   Level 0.7 Conjurations
 - Level 8.5 Charms
 - Level 6.0 Summonings
 - Level 5.0 Necromancy
 - Level 5.6 Translocations
 - Level 5.5 Ice Magic
 - Level 4.0 Air Magic
 - Level 6.0 Invocations
 - Level 4.2 Evocations


You had 5 spell levels left.
You knew the following spells:

 Your Spells              Type           Power        Failure   Level  Hunger
a - Freeze                Ice            ###.         1%          1    None
b - Ozocubu's Armour      Chrm/Ice       ###.....     1%          3    ##.....
c - Summon Ice Beast      Ice/Summ       ###.....     5%          4    ####...
d - Summon Lightning Spi  Summ/Air       ###.....     7%          4    ####...
e - Regeneration          Chrm/Necr      ###.......   1%          3    ##.....
f - Shroud of Golubria    Chrm/Tloc      ###.......   1%          2    None
g - Apportation           Tloc           ###...       1%          1    None
h - Deflect Missiles      Chrm/Air       ###.......   50%         6    #######
i - Animate Skeleton      Necr           N/A          1%          1    None


Dungeon Overview and Level Annotations

Branches:
Dungeon (12/15)            Temple (1/1) D:5            Lair (4/6) D:10
  Swamp (4/4) Lair:2          Orc (2/2) D:12            Elf (0/3) Orc:2
  Snake: Lair:2-4    Spider: Lair:2-4

Altars:
Ashenzari
Cheibriados
Dithmenos
Elyvilon
Fedhas
Gozag
Hepliaklqana
Kikubaaqudgha
Makhleb
Nemelex Xobeh
Okawaru
Qazlal
Ru
Sif Muna
Trog
Uskayaw
Wu Jian
Xom
Zin
The Shining One
Beogh

Shops:
D:10 ?   Orc:2 :}?=

Annotations:
D:2 exclusion: adder
D:3 exclusion: 2 adders, Terence
D:4 Ijyb
D:5 exclusion: ogre
D:6 exclusions: ancestor and phantom, Prince Ribbit
D:7 exclusion: bullfrog
D:10 exclusion: troll
D:11 exclusion: 2 downstairs
D:12 Gastronok
Swamp:2 exclusion: downstairs
Swamp:4 Bai Suzhen


Innate Abilities, Weirdness & Mutations

Your body is rotting away.
You thrive on raw meat.
You are immune to poison.
You have sharp fingernails.
You are carnivorous and can eat meat at any time.
Your flesh is cold resistant. (rC+)
You are immune to negative energy. (rN+++)
You do not regenerate when monsters are visible.
You are immune to unholy pain and torment.
You can survive without breathing.
Your life essence is reduced to manifest your ancestor. (-10% HP)


Message History

Casting: Regeneration
Confirm with . or Enter, or press ? or * to list all spells.
Space distorts slightly along a thin shroud covering your body.
The blink frog barely misses you. The blink frog hits you!
* * * LOW HITPOINT WARNING * * *
Your shroud falls apart!
The blink frog blinks!
Okay, then.
Okay, then.
Okay, then.
Evoke which item? (* to show all) (? for menu, Esc to quit)
Okay, then.
As you read the scroll of fear, it crumbles to dust.
You assume a fearsome visage.
Mbali is unaffected.
The blink frog resists with some effort. x2
The blink frog misses you.
Mbali points at the blink frog and mumbles some strange words.
The stone arrow misses the blink frog.
The blink frog hits you!!
You die...

≈>≈≈.♣♣≈.≈..♣♣♣.≈≈≈≈≈.♣♣.≈≈.♣
≈..(♣♣♣≈≈≈...≈§≈≈≈≈≈.≈♣♣♣♣♣♣♣
♣≈♣♣♣ ♣♣.≈≈≈...≈≈≈.♣♣♣♣♣ [.♣♣
♣♣♣♣♣♣....≈.♣♣.≈♣♣ ...♣♣
♣♣♣♣§≈..≈≈≈≈....♣♣♣ ....♣
♣≈.≈≈§≈≈≈≈≈≈.≈≈≈..♣ §≈≈.♣
♣≈...♣≈≈R.≈≈.♣≈≈≈.♣
≈≈≈.♣♣♣♣♣.≈.♣♣.§.♣♣♣♣.≈≈≈.♣
≈≈≈.≈≈≈≈..≈♣F≈≈F@♣ ♣≈.≈≈.♣
..≈♣≈.≈≈≈≈..≈≈≈≈.♣♣♣♣≈♣≈..♣
.≈♣♣♣≈≈≈≈≈≈.♣.§≈..≈♣♣♣♣≈.[.♣
.≈♣ ♣≈≈≈≈≈≈.♣♣♣..>♣♣ ♣≈.≈≈≈♣
.♣♣♣.≈≈≈≈≈≈.♣ ♣≈≈♣♣ ♣≈.≈♣♣♣
♣♣ ♣♣♣♣≈..≈♣♣ ♣♣♣♣ ♣♣♣♣♣ ≈.≈♣
♣♣♣♣♣♣ ≈≈♣♣ ♣♣♣


You could see the friendly Mbali the battlemage and 2 blink frogs.

Vanquished Creatures
  Rupert (D:12)
  A thorn hunter (Swamp:3)
  2 hydras
  Harold (Lair:1)
  3 alligators
  A two-headed ogre (D:12)
  An orc high priest (Orc:1)
  2 skeletal warriors
  A shambling mangrove (Swamp:3)
  A swamp dragon (Swamp:4)
  An orc sorcerer (Orc:1)
  A deep elf mage (D:12)
  An ugly thing (D:12)
  4 spiny frogs
  A komodo dragon (Swamp:3)
  3 bog bodies
  2 tyrant leeches
  3 hornets
  3 slime creatures (Swamp:3)
  A blink frog (Lair:3)
  A shadow (D:12)
  A spriggan (Swamp:4)
  10 yaks
  2 wargs
  4 vampire mosquitoes
  2 insubstantial wisps
  2 swamp worms (Swamp:2)
  A water moccasin (Lair:2)
  An ice beast (D:12)
  2 swamp drakes (Swamp:3)
  3 orc warriors
  A phantom (D:8)
  2 ogres
  A wolf (D:10)
  A big kobold (D:12)
  7 bullfrogs
  A water moccasin skeleton (D:6)
  A scorpion (D:6)
  4 crimson imps
  A bullfrog skeleton (D:11)
  A hound (D:6)
  A bullfrog zombie (D:6)
  A jelly (D:10)
  4 orc priests
  A centaur skeleton (D:5)
  13 orc wizards
  An iguana (D:7)
  5 worker ants
  A howler monkey zombie (D:7)
  A gnoll (D:7)
  An adder (D:3)
  A shadow imp (D:5)
  An ooze (D:2)
  2 worms
  3 leopard geckos
  29 orcs
  A giant cockroach (D:2)
  5 goblins
  2 hobgoblins (D:1)
  11 kobolds
  3 quokkas
  6 bats
  2 frilled lizards
  2 rats (D:3)
  A plant (D:10)
181 creatures vanquished.

Vanquished Creatures (collateral kills)
  Nikola (Swamp:3)
  Kirke (Swamp:3)
  Louise (Swamp:3)
  Erolcha (Orc:1)
  The ghost of Memingway the Fighter, a novice TrFi of the Shining One (D:10)
  6 hydras
  A catoblepas (Lair:3)
  A ghost crab (Swamp:4)
  2 two-headed ogres (D:12)
  3 alligators
  A death yak (Lair:2)
  2 orc high priests (Orc:2)
  5 spriggans
  2 spriggan druids
  Nergalle (Lair:3)
  A skeletal warrior (D:12)
  An unseen horror (D:10)
  3 swamp dragons
  5 orc knights (Orc:2)
  A manticore (D:10)
  7 orc sorcerers
  2 ugly things
  A deep elf mage (D:11)
  Maurice (D:11)
  3 elephants (Lair:4)
  Psyche (D:12)
  7 spiny frogs
  An orange demon (Swamp:3)
  2 komodo dragons
  5 trolls
  4 tyrant leeches
  6 hornets
  A slime creature (Swamp:3)
  6 blink frogs
  A hippogriff (Lair:3)
  8 bog bodies
  2 shadows
  2 wyverns
  A basilisk (D:12)
  13 yaks
  A hog (Swamp:3)
  A steam dragon (D:12)
  3 vampire mosquitoes
  12 swamp worms
  7 insubstantial wisps
  A warg (Orc:1)
  3 water moccasins
  4 porcupines
  16 orc warriors
  A black bear (D:10)
  A phantom (D:8)
  2 swamp drakes
  2 ice beasts
  3 wolves (D:10)
  4 ogres
  A centaur (D:10)
  2 crocodiles
  A big kobold (D:7)
  7 bullfrogs
  A gnoll sergeant (D:9)
  A wyvern skeleton (D:12)
  2 electric eels
  A centaur zombie (D:8)
  A jelly (D:6)
  9 orc wizards
  2 crimson imps
  Crazy Yiuf (D:7)
  10 orc priests
  A hound (D:6)
  2 centaur skeletons
  A worker ant (D:6)
  4 gnolls (D:9)
  An adder skeleton (D:6)
  28 orcs
  A quokka (D:11)
  2 kobolds (D:12)
  A fungus (Lair:3)
  A plant (D:10)
256 creatures vanquished.

Vanquished Creatures (others)
  3 humans (Swamp:3)
  A swamp drake (Swamp:1)
  26 battlemagi
  5 ancestors
  4 fungi
39 creatures vanquished.

Grand Total: 476 creatures vanquished

Notes
Turn   | Place    | Note
-------+----------+-------------------------------------------
     0 | D:1      | Lavandula the Ghoul Ice Elementalist began the quest for the Orb.
     0 | D:1      | Reached XP level 1. HP: 14/14 MP: 2/2
   133 | D:1      | Reached XP level 2. HP: 19/20 MP: 0/4
   399 | D:2      | Reached skill level 1 in Unarmed Combat
   587 | D:3      | Found a shattered altar of Ashenzari.
   601 | D:3      | Reached XP level 3. HP: 12/24 MP: 1/5
   715 | D:3      | Found a glowing golden altar of the Shining One.
   764 | D:3      | Learned a level 3 spell: Ozocubu's Armour
   775 | D:3      | Reached XP level 4. HP: 19/33 MP: 0/6
   815 | D:3      | Noticed Terence
  1053 | D:4      | Noticed Ijyb
  1198 | D:4      | Reached XP level 5. HP: 37/38 MP: 0/7
  1463 | D:5      | Entered Level 5 of the Dungeon
  1579 | D:5      | Found a stormy altar of Qazlal.
  1610 | D:5      | Noticed an ogre
  1614 | D:5      | Killed an ogre
  1614 | D:5      | Reached skill level 5 in Ice Magic
  1614 | D:5      | Reached XP level 6. HP: 45/45 MP: 8/8
  1633 | D:5      | Learned a level 4 spell: Summon Ice Beast
  1746 | D:5      | Reached skill level 1 in Charms
  1818 | D:5      | Found a staircase to the Ecumenical Temple.
  1827 | Temple   | Entered the Ecumenical Temple
  1884 | Temple   | Became a worshipper of Hepliaklqana the Forgotten
  1958 | D:5      | Noticed an orc warrior
  1977 | D:5      | Killed an orc warrior
  2051 | D:6      | Reached XP level 7. HP: 45/45 MP: 7/9
  2113 | D:6      | Reached skill level 1 in Summonings
  2226 | D:6      | Noticed Prince Ribbit
  2596 | D:6      | Reached XP level 8. HP: 33/51 MP: 2/10
  2807 | D:7      | Reached skill level 5 in Summonings
  2826 | D:7      | Got an encrusted mace
  2827 | D:7      | Identified the +6 mace "Ocryoz" {drain, rC+} (You found it on level 7 of the Dungeon)
  2833 | D:7      | Found a runed door.
  2837 | D:7      | Noticed Crazy Yiuf
  2851 | D:7      | Killed Crazy Yiuf
  2903 | D:7      | Reached * piety under Hepliaklqana
  2977 | D:7      | Reached skill level 7 in Fighting
  2977 | D:7      | Reached XP level 9. HP: 7/70 MP: 2/11
  3026 | D:8      | Learned a level 4 spell: Summon Lightning Spire
  3107 | D:8      | Found a white marble altar of Elyvilon.
  3303 | D:9      | Noticed a cyan ugly thing
  3357 | D:9      | Found a blossoming altar of Fedhas.
  3392 | D:9      | Found an iron altar of Okawaru.
  3460 | D:9      | Found a hide-covered altar of Uskayaw.
  3486 | D:10     | Entered Level 10 of the Dungeon
  3486 | D:10     | Found Qourph's Magic Scroll Emporium.
  3493 | D:10     | Bought a scroll of teleportation for 45 gold pieces
  3493 | D:10     | Bought a scroll of identify for 30 gold pieces
  3493 | D:10     | Bought a scroll of torment for 112 gold pieces
  3493 | D:10     | Bought a scroll of teleportation for 45 gold pieces
  3493 | D:10     | Bought a scroll of torment for 112 gold pieces
  3509 | D:10     | Noticed a troll
  3529 | D:10     | Reached ** piety under Hepliaklqana
  3530 | D:10     | Remembered your ancestor Mbali as a battlemage
  3553 | D:10     | Noticed Memingway's ghost (novice TrFi)
  3568 | D:10     | Reached skill level 1 in Evocations
  3594 | D:10     | Killed Memingway's ghost
  3594 | D:10     | Reached XP level 10. HP: 37/77 MP: 1/14
  3660 | D:10     | Noticed a two-headed ogre
  3902 | D:9      | Killed a cyan ugly thing
  4120 | D:10     | Got a smoking scale mail
  4131 | D:10     | Identified the cursed +0 scale mail of Weqiudatee {+Fly rPois MR+ Dex+3} (You found it on level 10 of the Dungeon)
  4209 | D:10     | Killed an unseen horror
  4305 | D:11     | Reached skill level 5 in Spellcasting
  4439 | D:11     | Found a flickering gateway to a bazaar.
  4452 | Bazaar   | Entered a bazaar
  4453 | Bazaar   | Found Ydghink's General Store.
  4453 | Bazaar   | Found Numityf's Antique Weapon Emporium.
  4454 | Bazaar   | Found Ajevubbu's Weapon Boutique.
  4486 | Bazaar   | Found Foubia's Book Shop.
  4505 | Bazaar   | Bought a potion of magic for 128 gold pieces
  4535 | D:12     | Noticed Rupert
  4546 | D:11     | Noticed Maurice
  4552 | D:11     | Paralysed by Maurice for 2 turns
  4554 | D:11     | Killed Maurice
  4605 | D:12     | Noticed a skeletal warrior
  4605 | D:12     | Noticed a skeletal warrior
  4636 | D:11     | Killed a skeletal warrior
  4663 | D:11     | Noticed a deep elf mage
  4669 | D:11     | Killed a deep elf mage
  4669 | D:11     | Reached XP level 11. HP: 49/82 MP: 7/19
  4699 | D:12     | Reached *** piety under Hepliaklqana
  4759 | D:12     | Noticed a brown ugly thing
  4790 | D:12     | Noticed a deep elf mage
  4804 | D:12     | Killed a deep elf mage
  4821 | D:12     | Noticed Psyche
  4829 | D:12     | Killed Psyche
  4858 | D:12     | Found a staircase to the Orcish Mines.
  4875 | D:12     | Noticed a red ugly thing
  4894 | D:12     | Killed a red ugly thing
  5010 | D:12     | Noticed Gastronok
  5114 | D:12     | Found a roughly hewn altar of Beogh.
  5127 | Orc:1    | Entered Level 1 of the Orcish Mines
  5127 | Orc:1    | Found a roughly hewn altar of Beogh.
  5159 | Orc:1    | Reached skill level 1 in Air Magic
  5277 | Orc:1    | Noticed an orc sorcerer
  5279 | Orc:1    | Noticed an orc sorcerer
  5283 | Orc:1    | Killed an orc sorcerer
  5285 | Orc:1    | Noticed an orc sorcerer
  5293 | Orc:1    | Killed an orc sorcerer
  5294 | Orc:1    | Killed an orc sorcerer
  5457 | Orc:1    | Noticed Erolcha
  5467 | Orc:1    | Killed Erolcha
  5589 | Orc:2    | Entered Level 2 of the Orcish Mines
  5644 | Orc:2    | Noticed an orc sorcerer
  5653 | Orc:2    | Killed an orc sorcerer
  5670 | Orc:2    | Found a staircase to the Elven Halls.
  5671 | Orc:2    | Noticed an orc knight
  5700 | Orc:2    | Killed an orc knight
  5700 | Orc:2    | Reached skill level 10 in Unarmed Combat
  5800 | Orc:2    | Reached XP level 12. HP: 90/90 MP: 23/23
  5925 | Orc:2    | Noticed an orc high priest
  5980 | Orc:2    | Upgraded the game from 0.21-a0-200-gb89f83b to 0.21-a0-201-g8501b10
  6174 | Orc:2    | Noticed an orc high priest
  6188 | Orc:1    | Killed an orc high priest
  6291 | Orc:2    | Killed an orc high priest
  6323 | Orc:2    | Reached skill level 8 in Fighting
  6366 | Orc:2    | Found Dinufar's Jewellery Shoppe.
  6459 | Orc:2    | Reached skill level 9 in Fighting
  6478 | Orc:2    | Found Roiteh's Magic Scroll Shoppe.
  6482 | Orc:2    | Noticed an orc high priest
  6492 | Orc:2    | Killed an orc high priest
  6501 | Orc:2    | Found Iresutoe's Book Boutique.
  6507 | Orc:2    | Found Oshi Yna's Gadget Boutique.
  6647 | Orc:2    | Bought the Tome of Good Luck for 825 gold pieces
  6647 | Orc:2    | Bought a book of Cantrips for 300 gold pieces
  6651 | Orc:2    | Learned a level 3 spell: Regeneration
  6654 | Orc:2    | Learned a level 2 spell: Shroud of Golubria
  6656 | Orc:2    | Learned a level 1 spell: Apportation
  6663 | Orc:2    | Learned a level 6 spell: Deflect Missiles
  6774 | D:12     | Reached skill level 10 in Fighting
  6794 | D:12     | Killed a two-headed ogre
  6828 | D:12     | Paralysed by Rupert for 7 turns
  6849 | D:12     | Killed Rupert
  6849 | D:12     | Reached skill level 11 in Fighting
  7029 | D:12     | Noticed a two-headed ogre
  7035 | D:12     | Killed a two-headed ogre
  7174 | D:12     | Noticed a two-headed ogre
  7181 | D:12     | Killed a two-headed ogre
  7181 | D:12     | Reached XP level 13. HP: 89/105 MP: 24/24
  7207 | D:12     | Reached **** piety under Hepliaklqana
  7438 | D:12     | Reached skill level 12 in Fighting
  7631 | D:10     | Found a staircase to the Lair.
  7654 | D:10     | Learned a level 1 spell: Animate Skeleton
  7655 | Lair:1   | Entered Level 1 of the Lair of Beasts
  7655 | Lair:1   | Noticed Harold
  7821 | Lair:1   | Killed Harold
  7968 | Lair:1   | Reached skill level 5 in Charms
  8389 | Lair:3   | Reached ***** piety under Hepliaklqana
  8419 | Lair:3   | Noticed Nergalle
  8432 | Lair:3   | Killed Nergalle
  8767 | Lair:4   | Reached skill level 5 in Translocations
  9114 | Lair:2   | Reached skill level 1 in Invocations
  9307 | Lair:2   | Found a staircase to the Swamp.
  9316 | Swamp:1  | Entered Level 1 of the Swamp
  9484 | Swamp:1  | Reached skill level 5 in Invocations
  9513 | Swamp:1  | Got a warped bardiche
  9514 | Swamp:1  | Identified the cursed +1 bardiche "Zubeopn" {vamp, rF+ MR+ Dex-4} (You found it on level 1 of the Swamp)
  9669 | Swamp:2  | Reached XP level 14. HP: 47/113 MP: 23/25
  9706 | Swamp:2  | Reached skill level 1 in Necromancy
  9823 | Swamp:3  | Noticed Louise
 10223 | Swamp:2  | Reached skill level 5 in Necromancy
 10257 | Swamp:3  | Noticed Nikola
 10264 | Swamp:3  | Noticed Kirke
 10516 | Swamp:3  | Killed Louise
 10525 | Swamp:3  | Killed Kirke
 10679 | Swamp:3  | Killed Nikola
 10734 | Swamp:4  | Entered Level 4 of the Swamp
 10977 | Swamp:3  | HP: 5/113 [spriggan rider/spear of venom (16)]
 11646 | Swamp:4  | Reached XP level 15. HP: 95/118 MP: 18/26
 11665 | Swamp:4  | Noticed Bai Suzhen
 11731 | Swamp:3  | Noticed a thorn hunter
 11750 | Swamp:3  | Killed a thorn hunter
 11870 | Swamp:3  | Mangled by a blink frog

Vault maps used:
D:1:      minmay_arrival_five_plusses
D:2:      fountainhead, minmay_door_square, grunt_ministairs_3, minmay_ruptured
D:3:      evilmike_ruin_ashenzari, first_bread, nicolae_tso_carved_into_rock,
          uniq_terence
D:4:      uniq_ijyb
D:5:      grunt_qazlal_sundering, minmay_temple_entry_junction
D:6:      uniq_prince_ribbit1
D:7:      yredelemnul_forgotten_temple_becter, kennysheep_generic_room_3,
          uniq_crazy_yiuf_cottage
D:8:      elyvilon_altar_5, uniq_grum, uniq_erica
D:9:      nicolae_overflow_crystal_walls, fedhas_altar_2,
          lemuel_coloured_pillars_altar
D:10:     david_lair_shrubbed, serial_shops, nicolae_shop_trees,
          nrook_pool_corridor
D:11:     lemuel_troll_bridge, serial_shops, bzr_entry_customers, uniq_maurice
D:12:     minmay_orc_entry_temple_small, lab_entry_generic, uniq_psyche,
          uniq_rupert, uniq_gastronok
Temple:   regret_index_temple_waves
Lair:1:   nicolae_quartered_pool_little, zaba_anthole, uniq_harold
Lair:2:   minmay_swamp_entry_worms, spider_nest_entry_funnel_web, minmay_holes,
          grunt_megastairs_3, uniq_fannar
Lair:3:   uniq_nergalle
Swamp:1:  evilmike_swamp_ruin_house_6, infiniplex_staircase_pool
Swamp:2:  hangedman_swamp_ruin_hall
Swamp:3:  evilmike_swamp_ruin_house_4, uniq_kirke, uniq_louise, uniq_nikola
Swamp:4:  swamp_vile, swamp_pool2, uniq_aizul, uniq_bai_suzhen
Orc:1:    basic_altar, guppyfry_library_mini, uniq_erolcha
Orc:2:    st_orc_elflike
Bazaar:   bazaar_minmay_plants

Skill      XL: |  1  2  3  4  5  6  7  8  9 10 11 12 13 14 |
---------------+-------------------------------------------+-----
Spellcasting   | 2 3 6 8 |  8.1
Unarmed Combat | 1 3 4 8 10 11 | 11.5
Ice Magic      | 5 |  5.5
Charms         | 3 5 8 |  8.5
Summonings     | 4 5 6 |  6.0
Fighting       | 7 11 12 | 12.0
Dodging        | 6 9 |  9.7
Evocations     | 3 4 |  4.2
Air Magic      | 4 |  4.0
Translocations | 5 |  5.6
Invocations    | 6 |  6.0
Necromancy     | 5 |  5.0
Stealth        | |  2.1
Conjurations   | |  0.7

Action                   |  1- 3 |  4- 6 |  7- 9 | 10-12 | 13-15 || total
-------------------------+-------+-------+-------+-------+-------++-------
Melee: Unarmed           |    54 |    96 |    96 |   216 |   400 ||   862
       Punch             |       |       |     6 |     1 |    22 ||    29
 Cast: Freeze            |    38 |    33 |    19 |       |       ||    90
       Ozocubu's Armour  |       |     4 |       |       |    23 ||    27
       Summon Ice Beast  |       |       |    13 |    43 |    19 ||    75
       Summon Lightning  |       |       |     2 |    42 |    34 ||    78
       Regeneration      |       |       |       |       |    74 ||    74
       Apportation       |       |       |       |       |    28 ||    28
       Animate Skeleton  |       |       |       |       |    36 ||    36
       Shroud of Golubri |       |       |       |       |    29 ||    29
       Deflect Missiles  |       |       |       |       |     3 ||     3
Invok: Recall Ancestor   |       |       |     1 |     6 |     6 ||    13
       Ancestor Life: Ba |       |       |     1 |       |       ||     1
       Idealise          |       |       |       |       |     5 ||     5
 Abil: Evoke Invisibilit |       |       |       |       |     1 ||     1
Evoke: Wand              |       |     4 |     5 |    21 |    35 ||    65
  Use: Scroll            |       |     3 |     3 |    14 |    18 ||    38
       Potion            |       |       |     4 |     2 |     5 ||    11
 Stab: Sleeping          |     1 |       |     1 |     1 |     2 ||     5
       Distracted        |       |       |       |     5 |     5 ||    10
       Confused          |       |       |       |     2 |     3 ||     5
       Paralysed         |       |       |       |       |    18 ||    18
  Eat: Chunk             |    10 |    12 |    23 |    95 |   111 ||   251
Armor: Robe              |    12 |    19 |    11 |    30 |   151 ||   223
       Scale mail        |       |       |     7 |       |       ||     7
Dodge: Dodged            |    47 |    65 |    73 |   135 |   392 ||   712
       Deflected         |       |       |       |       |     2 ||     2
